 Dungeon Crawl Stone Soup version 0.25.1-8-g42b30a86e7 (webtiles) character file.

Game seed: 15133011907017642474

1680 jbtxwes the Cleaver (level 9, -7/71 HPs)
             Began as a Hill Orc Fighter on Dec 11, 2020.
             Was a Follower of Beogh.
             Mangled by an orc warrior
             ... wielding a +1 trident of protection
              (14 damage)
             ... on level 6 of the Dungeon.
             The game lasted 00:21:04 (6964 turns).

jbtxwes the Cleaver (Hill Orc Fighter)              Turns: 6964, Time: 00:21:04

Health: -7/71      AC:  8    Str: 22    XL:     9   Next: 2%
Magic:  9/9        EV:  7    Int:  8    God:    Beogh [*.....]
Gold:   220        SH: 14    Dex: 10    Spells: 8/8 levels left

rFire    . . .     SeeInvis +   k - +4 spear
rCold    . . .     Gourm    .   c - +0 kite shield
rNeg     . . .     Faith    .   b - +0 scale mail
rPois    .         Spirit   .   (no helmet)
rElec    .         Reflect  +   (no cloak)
rCorr    .         Harm     .   l - +0 pair of gloves
MR       .....                  (no boots)
Stlth    +.........             r - amulet of reflection
HPRegen  0.21/turn              g - ring of see invisible
MPRegen  0.11/turn              t - ring of stealth

@: no status effects
A: no striking features
a: Renounce Religion


You were on level 6 of the Dungeon.
You worshipped Beogh.
Beogh was aware of your devotion.
You were not hungry.

You visited 1 branch of the dungeon, and saw 6 of its levels.

You collected 220 gold pieces.

Inventory:

Hand Weapons
 a - a +0 war axe
 k - a +4 spear (weapon)
 n - a +2 flail of protection
Armour
 b - a +0 scale mail (worn)
 c - a +0 kite shield (worn)
 l - a +0 pair of gloves (worn)
 p - a +1 leather armour of cold resistance
Jewellery
 g - a ring of see invisible (left hand)
 o - an uncursed ring of protection from fire
 r - an amulet of reflection (around neck)
 s - an uncursed ring of wizardry
 t - a ring of stealth (right hand)
Scrolls
 e - 3 scrolls of remove curse
 i - 4 scrolls of fear
 m - a scroll of enchant weapon {unknown}
 q - 4 scrolls of identify
 v - a scroll of magic mapping
Potions
 d - a potion of might
 h - 5 potions of curing
 j - 2 potions of stabbing
Comestibles
 f - 11 rations


   Skills:
 - Level 3.6 Fighting
 - Level 12.5(13.1) Axes
 * Level 5.4(8.8) Polearms
 - Level 3.6 Armour
 - Level 3.4 Shields


You had 8 spell levels left.
You didn't know any spells.
Your spell library contained the following spells:

 Spells                   Type           Power        Failure   Level  Hunger
 Animate Skeleton         Necr           N/A          99%         1    ##.....
 Apportation              Tloc           #.....       99%         1    ##.....
 Corona                   Hex            #......      99%         1    ##.....
 Summon Small Mammal      Summ           #...         99%         1    ##.....
 Ensorcelled Hibernation  Hex/Ice        #.....       100%        2    ###....
 Confusing Touch          Hex            #.......     100%        3    ####...
 Dazzling Flash           Conj/Hex       #.....       100%        3    ####...
 Tukima's Dance           Hex            #.......     100%        3    ####...


Dungeon Overview and Level Annotations

Branches:
Dungeon (6/15)             Temple (0/1) D:6

Altars:
Kikubaaqudgha
Makhleb
Qazlal
Trog
Vehumet


Message History

The orc warrior hits you with a +1 trident of protection!
You hit the orc warrior but do no damage.
The orc warrior is moderately wounded.
You block the orc warrior's attack.
You barely miss the orc warrior.
The orc warrior is moderately wounded.
The orc warrior hits you with a +1 trident of protection!
* * * LOW HITPOINT WARNING * * *
As you read the scroll of fear, it crumbles to dust.
You assume a fearsome visage.
The orc warrior looks frightened!
You strike the helpless orc warrior from behind!
You hit the orc warrior but do no damage.
Your attack snaps the orc warrior out of its fear.
The orc warrior is moderately wounded.
You block the orc warrior's attack.
You hit the orc warrior.
The orc warrior is moderately wounded.
The orc warrior hits you with a +1 trident of protection!
You die...
Beogh appreciates the orc warrior's killing of a heretic priest.

##.............##..##...
#......)..............#
#......#........#...###
##.....#.....#..#....#.
####........#.##......
#...........#.##.##
##......#......####.
#...##..###..##.....
##o@##...........###
#.)###.......##### #
##).....##...#
.....#####..+ ......#
##.# #.##o..# #.# ..
.... #.. ... ..... ##.
......


You could see an orc warrior.

Vanquished Creatures
  Prince Ribbit (D:5)
  Edmund (D:4)
  Duvessa (D:6)
  3 ogres
  2 phantoms
  A bullfrog (D:6)
  Dowan (D:6)
  2 scorpions (D:4)
  2 crimson imps
  A bullfrog zombie (D:2)
  2 hounds (D:5)
  2 orc priests
  A jelly (D:3)
  2 orc wizards
  An iguana (D:5)
  2 worker ants
  A hound skeleton (D:4)
  8 gnolls
  6 adders
  4 worms
  3 dart slugs
  3 leopard geckos
  14 orcs
  4 ball pythons
  6 giant cockroaches
  3 goblins
  5 hobgoblins
  5 jackals
  4 quokkas
  A ball python skeleton (D:4)
  6 bats
  11 frilled lizards
  6 kobolds
  A leopard gecko skeleton (D:5)
  5 rats
121 creatures vanquished.

Notes
Turn   | Place    | Note
-------+----------+-------------------------------------------
     0 | D:1      | jbtxwes the Hill Orc Fighter began the quest for the Orb.
     0 | D:1      | Reached XP level 1. HP: 19/19 MP: 1/1
   169 | D:1      | Reached XP level 2. HP: 26/27 MP: 2/2
   346 | D:1      | Reached skill level 3 in Axes
   989 | D:2      | Reached skill level 4 in Axes
   989 | D:2      | Reached XP level 3. HP: 28/33 MP: 3/3
  1128 | D:2      | Reached skill level 5 in Axes
  1128 | D:2      | Reached XP level 4. HP: 38/40 MP: 4/4
  1275 | D:2      | Found a bloodstained altar of Trog.
  2031 | D:3      | Reached skill level 6 in Axes
  2046 | D:3      | Reached XP level 5. HP: 33/46 MP: 5/5
  2307 | D:3      | Found a radiant altar of Vehumet.
  2308 | D:3      | Found a burning altar of Makhleb.
  2313 | D:3      | Found an ancient bone altar of Kikubaaqudgha.
  2896 | D:3      | Reached skill level 7 in Axes
  3208 | D:3      | Reached XP level 6. HP: 36/52 MP: 6/6
  3330 | D:3      | Became a worshipper of Beogh the Brigand
  3469 | D:3      | Reached skill level 8 in Axes
  4099 | D:4      | Noticed Edmund
  4134 | D:4      | Killed Edmund
  4134 | D:4      | Reached skill level 9 in Axes
  4134 | D:4      | Reached XP level 7. HP: 32/58 MP: 7/7
  4448 | D:4      | Reached * piety under Beogh
  4448 | D:4      | Reached skill level 10 in Axes
  4481 | D:4      | Found a stormy altar of Qazlal.
  5272 | D:5      | Entered Level 5 of the Dungeon
  5335 | D:5      | Noticed Prince Ribbit
  5393 | D:5      | Reached skill level 11 in Axes
  5779 | D:5      | Reached XP level 8. HP: 39/66 MP: 8/8
  6224 | D:5      | Killed Prince Ribbit
  6224 | D:5      | Reached skill level 12 in Axes
  6679 | D:6      | Found a staircase to the Ecumenical Temple.
  6719 | D:6      | Noticed Duvessa
  6724 | D:6      | Noticed Dowan
  6740 | D:6      | Killed Duvessa
  6749 | D:6      | Killed Dowan
  6749 | D:6      | Reached skill level 5 in Polearms
  6939 | D:6      | Reached XP level 9. HP: 69/71 MP: 9/9
  6964 | D:6      | Mangled by an orc warrior

Illustrated notes

Levels and vault maps discovered:
D:1:      dpeg_arrival_tiny_g, layout_basic, lemuel_another_geyser
D:2:      layout_basic, first_ration, bloody_trog
D:3:      layout_loops_ring, gammafunk_temple_overflow_forgotten,
          kennysheep_generic_room_14
D:4:      layout_loops_ring, old_standard_altar, uniq_edmund
D:5:      layout_basic, uniq_prince_ribbit1
D:6:      kennysheep_windowed_halls, layout_cave_pools, grunt_dithmenos_shadows,
          temple_statues, uniq_duvessa

Skill      XL: |  1  2  3  4  5  6  7  8 |
---------------+-------------------------+-----
Axes           | 4 5 6 7 9 11 12 | 12.5
Polearms       | 5 |  5.4
Fighting       | |  3.6
Armour         | |  3.6
Shields        | |  3.4

Action                   |  1- 3 |  4- 6 |  7- 9 || total
-------------------------+-------+-------+-------++-------
Melee: War axe           |    83 |   257 |   150 ||   490
       Spear             |       |       |    83 ||    83
Invok: Convert to Beogh  |       |     1 |       ||     1
  Use: Scroll            |       |     8 |     4 ||    12
       Potion            |       |     3 |     1 ||     4
 Stab: Fleeing           |       |       |     1 ||     1
  Eat: Chunk             |     1 |     8 |     4 ||    13
       Ration            |       |     1 |     1 ||     2
Armor: Scale mail        |    38 |    91 |    45 ||   174
Dodge: Dodged            |    27 |    58 |    38 ||   123
Block: Kite shield       |    50 |   111 |   124 ||   285
       Reflection        |       |       |     6 ||     6
